 Dungeon Crawl Stone Soup version 0.25.0-10-g039870ee82 (webtiles) character file.

Game seed: 9664354757637621251

262 Flugkiller the Chopper (level 5, 0/49 HPs)
             Began as a Deep Dwarf Fighter on June 23, 2020.
             Slain by a yak (8 damage)
             ... on level 5 of the Dungeon.
             The game lasted 00:00:34 (388 turns).

Flugkiller the Chopper (Deep Dwarf Fighter)          Turns: 388, Time: 00:00:35

Health: 0/49       AC:  8    Str: 21    XL:     5   Next: 97%
Magic:  4/4        EV:  7    Int:  8    God:
Gold:   52         SH:  9    Dex: 12    Spells: 4/4 levels left

rFire    . . .     SeeInvis .   a - +0 war axe
rCold    . . .     Gourm    .   c - +0 kite shield
rNeg     . . .     Faith    .   b - +0 scale mail
rPois    .         Spirit   .   (no helmet)
rElec    .         Reflect  .   g - +0 cloak
rCorr    .         Harm     .   (no gloves)
MR       .....                  (no boots)
Stlth    ..........             (no amulet)
HPRegen  0.00/turn              (no ring)
MPRegen  0.09/turn              (no ring)

@: non-regenerating
A: damage resistance, heal wounds, sense surroundings 1, no regeneration
a: Heal Wounds


You were on level 5 of the Dungeon.
You were not hungry.

You visited 1 branch of the dungeon, and saw 6 of its levels.

You collected 52 gold pieces.

Inventory:

Hand Weapons
 a - a +0 war axe (weapon)
Missiles
 i - 2 throwing nets (quivered)
Armour
 b - a +0 scale mail (worn)
 c - a +0 kite shield (worn)
 g - a +0 cloak (worn)
   (You found it on level 2 of the Dungeon)
Scrolls
 f - a scroll of amnesia {unknown}
Potions
 d - a potion of might
Comestibles
 e - 2 rations
 h - 12 chunks of flesh


   Skills:
 + Level 3.6 Fighting
 * Level 4.6 Axes
 + Level 4.4 Armour
 + Level 4.3 Shields


You had 4 spell levels left.
You didn't know any spells.
Your spell library was empty.

Dungeon Overview and Level Annotations

Branches:
Dungeon (6/15)
 Temple: D:4-7

Altars:


Innate Abilities, Weirdness & Mutations

You are resistant to damage.
You can heal yourself by infusing magical energy.
You passively map a small area around you.
You do not regenerate.


Message History

You block the yak's attack. The yak gores you but does no damage.
Your shield prevents you from hitting the yak.
The yak is moderately wounded.
You closely miss the yak. You slash the yak! You barely miss the yak.
Your shield and scale mail prevent you from hitting the yak.
You hit the yak. The yak gores you but does no damage.
You block the yak's attack. The yak barely misses you. x3
You block the yak's attack. x2; The yak gores you but does no damage.
The yak gores you! The yak gores you but does no damage. The yak gores you.
You hit the yak.
The yak is heavily wounded.
You hit the yak but do no damage. You slash the yak! You hit the yak.
You hit the yak but do no damage. You barely miss the yak.
Your shield and scale mail prevent you from hitting the quokka.
The quokka bites you but does no damage.
The yak misses you. The yak gores you! You block the yak's attack.
The yak gores you!
* * * LOW HITPOINT WARNING * * *
You block the yak's attack. The yak gores you!
You die...

* , , * *
,........(.# ,
#.......... ,
##.........# *
* ........).# ,
.........# , **
#.......# * ,
...#.#YYY...#*
......Y@Y..#
......r.Y..#
...........# *
............# ,
..............
,
..........#.###
, ..........#.#
* , .#........#
# * , ** ,


You could see 6 yaks and a quokka.

Vanquished Creatures
  Eustachio (D:6)
  A quasit (D:6)
  A hound (D:6)
  An orc priest (D:6)
  An adder zombie (D:6)
  2 leopard geckos (D:6)
  5 orcs (D:6)
  A goblin (D:2)
  A hobgoblin (D:2)
  A bat (D:3)
  A frilled lizard (D:1)
  A kobold (D:1)
17 creatures vanquished.

Notes
Turn   | Place    | Note
-------+----------+-------------------------------------------
     0 | D:1      | Flugkiller the Deep Dwarf Fighter began the quest for the
                  | Orb.
     0 | D:1      | Reached XP level 1. HP: 20/20 MP: 1/1
   213 | D:4      | You fall into a shaft and drop 2 floors!
   244 | D:6      | Reached XP level 2. HP: 20/27 MP: 2/2
   249 | D:6      | Noticed Eustachio
   268 | D:6      | Noticed a crimson imp
   271 | D:6      | Reached XP level 3. HP: 17/34 MP: 3/3
   333 | D:6      | Reached XP level 4. HP: 36/42 MP: 4/4
   345 | D:6      | Killed Eustachio
   345 | D:6      | Reached XP level 5. HP: 46/49 MP: 4/4
   384 | D:5      | Entered Level 5 of the Dungeon
   384 | D:5      | Noticed a yak
   384 | D:5      | Noticed a yak
   384 | D:5      | Noticed a yak
   384 | D:5      | Noticed a yak
   384 | D:5      | Noticed a yak
   384 | D:5      | Noticed a yak
   388 | D:5      | Slain by a yak

Illustrated notes

Levels and vault maps discovered:
D:1:      minmay_arrival_shattered_statue, layout_rooms, moated_statue
D:2:      minmay_evil_eye, layout_basic, eat_drink_and_be_merry_uskayaw,
          marbit_many_paths, first_ration
D:3:      layout_rooms, hangedman_ru_absence, gammafunk_temple_overflow_arena
D:4:      layout_loops_ring, nicolae_temple_entry_ecumenical,
          gammafunk_ghost_abyssal_escape, kennysheep_nub
D:5:      layout_rooms, serial_shops, kennysheep_little_box,
          uniq_crazy_yiuf_cottage
D:6:      layout_rooms, kennysheep_mini, nicolae_ossuary_entry_catacombs,
          uniq_eustachio

Skill      XL: |  1  2  3  4 |
---------------+-------------+-----
Fighting       | 3 |  3.6
Axes           | 3 4 |  4.6
Armour         | 4 |  4.4
Shields        | 4 |  4.3

Action                   |  1- 3 |  4- 6 || total
-------------------------+-------+-------++-------
Melee: War axe           |    94 |    23 ||   117
 Abil: Heal Wounds       |     5 |     1 ||     6
Armor: Scale mail        |    69 |    23 ||    92
Dodge: Dodged            |    52 |    15 ||    67
Block: Kite shield       |    68 |    24 ||    92
